 Dungeon Crawl Stone Soup version 0.23-a0-860-g8ff03fb (webtiles) character file.

271 Amnesiac the Cutter (level 6, -5/37 HPs)
             Began as a Tengu Fighter on Jan 27, 2019.
             Was a Follower of Zin.
             Killed by divine providence
             ... invoked by an orc priest
              (13 damage)
             ... on level 3 of the Dungeon.
             The game lasted 00:04:14 (2407 turns).

Amnesiac the Cutter (Tengu Fighter)                 Turns: 2407, Time: 00:04:15

Health: -5/37      AC:  6    Str: 19    XL:     6   Next: 23%
Magic:  7/7        EV: 10    Int:  8    God:    Zin [*.....]
Gold:   122        SH:  9    Dex: 13    Spells: 5/5 levels left

rFire    . . .     SeeInvis .   a - +0 rapier
rCold    . . .     Gourm    .   c - +0 shield
rNeg     . . .     Faith    .   b - +0 scale mail
rPois    .         Spirit   .   (helmet restricted)
rElec    .         Reflect  .   (no cloak)
rCorr    .         Harm     .   (no gloves)
MR       .....                  (boots unavailable)
Stlth    +.........             (no amulet)
HPRegen  0.12/turn              (no ring)
MPRegen  0.10/turn              (no ring)

@: flying quickly and evasively, quick
A: beak, talons 3, able to fly
a: Stop Flying, Recite, Donate Gold, Renounce Religion


You were on level 3 of the Dungeon.
You worshipped Zin.
Zin was aware of your devotion.
You were not hungry.

You visited 1 branch of the dungeon, and saw 4 of its levels.

You collected 135 gold pieces.
You donated 13 gold pieces to Zin.

Inventory:

Hand Weapons
 a - a +0 rapier (weapon)
Armour
 b - a +0 scale mail (worn)
 c - a +0 shield (worn)
Scrolls
 h - 2 scrolls of teleportation {!r}
 j - a scroll of amnesia {!r, unknown}
 l - 2 scrolls of immolation {!r, unknown}
 o - a scroll of noise {!r, unknown}
 p - a scroll of fog {!r, unknown}
 q - 2 scrolls of remove curse {!r, unknown}
 r - a scroll of blinking {!r, unknown}
 t - 2 scrolls of enchant weapon {!r, unknown}
 u - a scroll of fear {!r, unknown}
Potions
 d - 4 potions of might {!q}
 e - 2 potions of curing {!q, unknown}
 i - a potion of magic {!q, unknown}
 k - a potion of haste {!q, unknown}
 m - 2 potions of degeneration {!q, unknown}
 n - a potion of heal wounds {!q, unknown}
 s - a potion of berserk rage {!q}
Comestibles
 f - 4 rations
 g - 4 chunks of flesh


   Skills:
 - Level 3.0 Fighting
 * Level 4.3 Short Blades
 - Level 3.2 Armour
 + Level 2.9 Dodging
 * Level 4.2 Stealth
 - Level 3.0 Shields
 + Level 0.0 Invocations


You had 5 spell levels left.
You didn't know any spells.
Your spell library contained the following spells:

 Spells                   Type           Power        Failure   Level  Hunger
 Confusing Touch          Hex            #.....       99%         1    ##.....
 Confuse                  Hex            #.......     100%        3    ####...
 Gell's Gravitas          Tloc           #.........   100%        3    ####...
 Petrify                  Tmut/Erth      #.......     100%        4    #####..
 Metabolic Englaciation   Hex/Ice        #.........   100%        5    ######.
 Yara's Violent Unravell  Hex/Tmut       #.........   100%        5    ######.


Dungeon Overview and Level Annotations

Branches:
Dungeon (4/15)
 Temple: D:4-7

Altars:
Gozag
Ru
Zin

Annotations:
D:3 1 exclusion


Innate Abilities, Weirdness & Mutations

You have a beak for a mouth.
You have claws for feet.
You can fly continuously.


Message History

Your shield and scale mail prevent you from hitting the adder.
You claw the adder, but do no damage. You block the adder's attack.
You barely miss the adder. You claw the adder.
The adder is moderately wounded.
The adder barely misses you. The adder bites you.
You miss the adder.
The adder is moderately wounded.
You block the adder's attack.
You closely miss the adder.
The adder is moderately wounded.
The adder closely misses you. The adder bites you but does no damage.
You miss the adder.
The adder is moderately wounded.
The adder bites you but does no damage.
You hit the adder but do no damage.
The adder is moderately wounded.
The adder bites you but does no damage. x2
You hit the adder but do no damage. You claw the adder.
The adder is severely wounded.
The adder bites you.
You are poisoned.
The adder poisons you!
You closely miss the adder. You claw the adder.
The adder is almost dead.
You feel sick. The adder bites you.
* * * LOW HITPOINT WARNING * * *
You are more poisoned.
The adder poisons you!
You barely miss the adder. You claw the adder.
You kill the adder!
You feel sick.
You start resting.
You feel sick. x3
A goblin comes into view.
Okay, then.
A goblin is nearby!
You feel sick. You block the goblin's attack.
You closely miss the goblin.
You feel sick. You block the goblin's attack.
You hit the goblin.
The goblin is severely wounded.
You block the goblin's attack.
You hit the goblin but do no damage.
The goblin is severely wounded.
You block the goblin's attack.
You barely miss the goblin. You claw the goblin.
You kill the goblin!
You feel sick.
No target in view!
You start resting.
You feel sick. x3
The orc priest is too close now for your liking.
You clear your throat and prepare to recite. "And lo, the wrath of Zin did find..." "...them wherever they hid, and the amorphous wretches..."
You feel sick.
You are no longer poisoned.
There is a stone staircase leading down here. "...were ousted for their anarchy!"
You finish reciting Apostates 15:72.
A giant cockroach comes into view.
The orc priest invokes the aid of Beogh against you.
Beogh smites you!
You die...

≈≈≈≈≈≈≈≈≈≈≈≈≈≈≈≈≈≈≈....≈
.P................g.....
.##
#.#.............>##..##
...
..................o..).
.##
#............#.##o#..##
#..o...## #. #o...##
#......# #)......##
###)##[.....##..####
#.@.# ##### #l## #...#
#.# #)))# . #...#
..s...... .............
#...........#
#####...##### #...#


You could see an orc priest and a giant cockroach.

Vanquished Creatures
  2 orc wizards (D:4)
  2 worker ants (D:4)
  2 gnolls (D:3)
  5 adders
  An ooze (D:1)
  2 worms (D:2)
  A dart slug (D:1)
  6 leopard geckos
  8 orcs
  10 bats
  8 giant cockroaches
  5 goblins
  3 hobgoblins
  7 jackals
  4 ball pythons
  6 frilled lizards
  7 kobolds
  A leopard gecko skeleton (D:4)
  5 rats
85 creatures vanquished.

Notes
Turn   | Place    | Note
-------+----------+-------------------------------------------
     0 | D:1      | Amnesiac the Tengu Fighter began the quest for the Orb.
     0 | D:1      | Reached XP level 1. HP: 14/14 MP: 2/2
   106 | D:3      | Found a glowing silver altar of Zin.
   110 | D:3      | Became a worshipper of Zin the Law-Giver
   139 | D:2      | Reached skill level 1 in Stealth
   164 | D:1      | Reached XP level 2. HP: 18/19 MP: 3/3
   192 | D:1      | Reached skill level 1 in Dodging
   300 | D:1      | Reached XP level 3. HP: 22/23 MP: 4/4
   693 | D:1      | Reached XP level 4. HP: 24/28 MP: 5/5
   804 | D:2      | Reached * piety under Zin
   954 | D:2      | Found an opulent altar of Gozag.
  1214 | D:4      | Gained mutation: You can fly continuously. [Tengu growth]
  1214 | D:4      | Reached XP level 5. HP: 31/32 MP: 6/6
  1227 | D:4      | Found a sacrificial altar of Ru.
  2120 | D:4      | Reached XP level 6. HP: 17/37 MP: 7/7
  2407 | D:3      | Killed from afar by an orc priest

Vault maps used:
D:1:      moated_graveyard_arrival, chequers_garden, minmay_shallow_snake_nest
D:2:      nicolae_gozag_seed_capital, first_ration
D:3:      lemuel_castle_with_subvaults, zin_treasury
D:4:      nicolae_overflow_crystal_walls

Skill      XL: |  1  2  3  4  5 |
---------------+----------------+-----
Stealth        | 1 2 3 4 |  4.2
Dodging        | 1 2 |  2.9
Short Blades   | 3 4 |  4.3
Fighting       | |  3.0
Armour         | |  3.2
Shields        | |  3.0

Action                   |  1- 3 |  4- 6 || total
-------------------------+-------+-------++-------
Melee: Rapier            |    80 |   155 ||   235
       Kick              |    17 |    43 ||    60
       Peck              |    12 |    28 ||    40
Invok: Recite            |       |     1 ||     1
 Abil: Fly               |       |     1 ||     1
  Use: Scroll            |       |     4 ||     4
  Eat: Chunk             |       |     5 ||     5
Armor: Scale mail        |    24 |    59 ||    83
Dodge: Dodged            |    25 |    58 ||    83
Block: Shield            |    40 |    69 ||   109

Table legend:
 A = Non-vault XP
 B = Vault XP
 C = Vault XP percentage of total XP
 D = Non-vault monster count
 E = Vault monster count
 F = Vault count percentage of total count
                 A         B        C        D         E       F
            +---------+---------+-------+---------+---------+-------
      Total |     334 |      54 |  13.9 |      76 |       9 |  10.6
            +---------+---------+-------+---------+---------+-------
        D:1 |      61 |      17 |  21.8 |      32 |       3 |   8.6
        D:2 |      48 |       0 |   0.0 |      18 |       0 |   0.0
        D:3 |      46 |      35 |  43.2 |      12 |       5 |  29.4
        D:4 |     179 |       2 |   1.1 |      14 |       1 |   6.7
            +---------+---------+-------+---------+---------+-------
